 Dungeon Crawl Stone Soup version 0.23.0 (webtiles) character file.

Game seed: 3762854712670175147

483 Monsterracer the Ruffian (level 7, 0/61 HPs)
             Began as a Ghoul Chaos Knight on Feb 15, 2019.
             Was a Plaything of Xom.
             Slain by an iron imp (10 damage)
             ... summoned by Eustachio
             ... on level 4 of the Dungeon.
             The game lasted 00:04:19 (4101 turns).

Monsterracer the Ruffian (Ghoul Chaos Knight)       Turns: 4101, Time: 00:04:20

Health: 0/61       AC:  5    Str: 22    XL:     7   Next: 12%
Magic:  0/6        EV: 11    Int:  7    God:    Xom [*.....]
Gold:   145        SH:  0    Dex:  8    Spells: 6/6 levels left

rFire    . . .     SeeInvis .   b - +1 glaive of Huliwkaema {chaos, Str+4} (curse)
rCold    + . .     Gourm    .   (shield currently unavailable)
rNeg     + + +     Faith    .   a - +2 leather armour
rPois    ∞         Spirit   +   (no helmet)
rElec    .         Reflect  .   i - scarf {Spirit}
rCorr    .         Harm     .   (no gloves)
MR       .....                  (no boots)
Stlth    +.........             (no amulet)
HPRegen  0.00/turn              (no ring)
MPRegen  0.10/turn              (no ring)

@: rotting
A: rotting body, claws 1, carnivore, cold resistance 1, negative energy
resistance 3, inhibited regeneration, torment resistance, unbreathing
a: Renounce Religion


You were on level 4 of the Dungeon.
You worshipped Xom.
You were a special plaything of Xom.
You were not hungry.

You visited 1 branch of the dungeon, and saw 4 of its levels.

You collected 145 gold pieces.

Inventory:

Hand Weapons
 b - the cursed +1 glaive of Huliwkaema (weapon) {chaos, Str+4}
   (Xom gifted it to you on level 3 of the Dungeon)

   Each time it hits an enemy it has a different, random effect.
   It affects your strength (+4).
   It has a curse placed upon it.
Armour
 a - a +2 leather armour (worn)
 i - a scarf of spirit shield (worn)
 q - a +1 cloak
Wands
 h - a wand of digging (3)
 n - a wand of iceblast (11)
 r - a wand of polymorph (1)
 s - a wand of flame (13)
Scrolls
 g - a scroll of amnesia
 m - a scroll of magic mapping
 o - a scroll of immolation {!r}
 t - a scroll of teleportation {!r}
Potions
 d - a potion of resistance
 e - 3 potions of curing
 j - 3 potions of might
 k - a potion of mutation {unknown}
 l - 3 potions of flight
Comestibles
 c - 7 rations


   Skills:
 + Level 5.5 Fighting
 - Level 1.7 Armour
 + Level 1.3 Dodging
 * Level 7.2 Unarmed Combat


You had 6 spell levels left.
You didn't know any spells.
Your spell library contained the following spells:

 Spells                   Type           Power        Failure   Level  Hunger
 Sticks to Snakes         Tmut           #.......     63%         2    ###....
 Beastly Appendage        Tmut           Unusable     N/A         1    N/A
 Spider Form              Tmut/Pois      Unusable     N/A         3    N/A
 Ice Form                 Ice/Tmut       Unusable     N/A         4    N/A
 Blade Hands              Tmut           Unusable     N/A         5    N/A

Dungeon Overview and Level Annotations

Branches:
Dungeon (4/15)
 Temple: D:4-7

Altars:
Fedhas
Kikubaaqudgha

Annotations:
D:4 Eustachio


Innate Abilities, Weirdness & Mutations

Your body is rotting away.
You thrive on raw meat.
You are immune to poison.
You have sharp fingernails.
You are carnivorous and can eat meat at any time.
Your flesh is cold resistant. (rC+)
You are immune to negative energy. (rN+++)
You do not regenerate when monsters are visible.
You are immune to unholy pain and torment.
You can survive without breathing.


Message History

The quokka misses you. Eustachio closely misses you. The bat barely misses you.
You take 9 damage, and have 19/61 hp.
You now have 3/6 mp.
Unknown command.
You slash the leopard gecko!
You kill the leopard gecko!
The bat hits you but does no damage. The bat closely misses you.
The rat bites you but does no damage. The quokka closely misses you.
Eustachio gestures wildly while chanting.
Eustachio blinks!
The rat bites you but does no damage. The quokka bites you.
* * * LOW HITPOINT WARNING * * *
The bat barely misses you.
Eustachio mumbles some strange words.
Eustachio blinks!
You take 2 damage, and have 17/61 hp.
You now have 2/6 mp.
Unknown command.
The bat barely misses you.
The quokka bites you but does no damage.
The bat hits you.
* * * LOW HITPOINT WARNING * * *
You take 1 damage, and have 16/61 hp.
Unknown command.
The bat hits you but does no damage. The bat misses you.
The quokka barely misses you. The quokka closely misses you.
The bat barely misses you. The bat misses you. The bat completely misses you.
The quokka bites you but does no damage.
You miss the bat.
The bat closely misses you. x2; The quokka bites you.
* * * LOW HITPOINT WARNING * * *
The rat closely misses you.
The quokka bites you but does no damage.
You take 1 damage, and have 15/61 hp.
The bat misses you. The quokka bites you.
* * * LOW HITPOINT WARNING * * *
The rat barely misses you.
You take 2 damage, and have 13/61 hp.
You now have 1/6 mp.
Unknown command. "Get over here!"
The quokka blinks!
The bat misses you. The bat closely misses you. The rat completely misses you.
Eustachio no longer looks unusually strong.
The bat hits you but does no damage. The rat misses you.
You see here a ration.
The bat hits you but does no damage. The bat barely misses you.
You see here a leopard gecko corpse.
You butcher the leopard gecko corpse.
The bat barely misses you. Eustachio hits you with a +0 rapier.
* * * LOW HITPOINT WARNING * * *
The bat barely misses you.
Things that are here:
a chunk of flesh; a leopard gecko skeleton You take 1 damage, and have 12/61 hp.
Eat a chunk of flesh? (ye/n/q)
You eat the chunk of flesh.
This raw flesh tastes great!
The bat hits you.
* * * LOW HITPOINT WARNING * * *
The bat hits you but does no damage.
Eustachio casts a spell.
Eustachio blinks!
The rat bites you.
* * * LOW HITPOINT WARNING * * *
The quokka bites you.
* * * LOW HITPOINT WARNING * * *
You regained 4 hp, and now have 16/61 hp.
You now have 1/6 mp.
The bat hits you but does no damage. The bat misses you. The quokka misses you.
The bat closely misses you.
You closely miss the bat. The bat barely misses you. x2
The bat hits you but does no damage. The quokka closely misses you.
The rat barely misses you. The bat hits you but does no damage.
The quokka bites you.
* * * LOW HITPOINT WARNING * * *
Eustachio gestures wildly while chanting.
Eustachio blinks!
The rat bites you but does no damage.
You take 2 damage, and have 14/61 hp.
Unknown command.
The bat barely misses you. x2
You completely miss Eustachio.
Eustachio is severely wounded.
The bat hits you but does no damage. x2; The quokka closely misses you.
The bat hits you but does no damage.
Eustachio growls, "To hell with you, honourless miscreant!"
Eustachio mumbles some strange words.
The rat bites you but does no damage. The quokka misses you.
Eustachio mumbles some strange words.
Eustachio blinks!
The bat hits you but does no damage. The shadow imp hits you.
* * * LOW HITPOINT WARNING * * *
You take 3 damage, and have 11/61 hp.
You now have 1/6 mp.
Unknown command.
Attack whom?
Press: ? - help, Dir - move target cursor, f/p - Eustachio
Aim: Eustachio, wielding a +0 rapier and wearing a +0 leather armour (almost dead, poisoned)
You reach to attack!
You closely miss Eustachio.
Eustachio is almost dead.
The bat hits you but does no damage. x2; The quokka closely misses you.
The rat barely misses you.
The quokka bites you but does no damage.
The shadow imp hits you.
* * * LOW HITPOINT WARNING * * *
The rat barely misses you. The iron imp hits you!
You die...
Xom cackles wildly!

,,...............#...***...*
,,...###.#......##..###...#*
,,..,,*###......###...#...#
,,.,,,*#.................#*
,,,,,,#.................#*
,,,,,........(....%÷...#*
,,,,*..................##
,,,**#..........5r......#
,,,* *,.....b..5@rb.....#
,*** **.##.......@...####
,,,******#.............#*
,,,,**,,....#..#.#......#
,*,,,,,*...#######......#
,*,,,,,,...***,* ########
,,,,*,,,,,,,,,,***
,**,*,**,,,,,,,,,*
,,*,,,,,,,,,,*,,**


You could see Eustachio, an iron imp, a shadow imp, a quokka, 2 bats and a rat.

Vanquished Creatures
  An ogre (D:3)
  Crazy Yiuf (D:3)
  A hound (D:4)
  An iguana (D:3)
  Natasha (thrice) (D:3)
  A worker ant (D:4)
  7 adders
  5 gnolls
  3 oozes
  2 worms
  2 dart slugs
  7 leopard geckos
  2 orcs (D:3)
  4 giant cockroaches
  8 goblins
  5 hobgoblins
  5 jackals
  3 quokkas
  6 bats
  2 frilled lizards
  4 kobolds
  A leopard gecko skeleton (D:4)
  6 rats
80 creatures vanquished.

Vanquished Creatures (others)
  A worker ant (D:3)
1 creature vanquished.

Grand Total: 81 creatures vanquished

Notes
Turn   | Place    | Note
-------+----------+-------------------------------------------
     0 | D:1      | Monsterracer the Ghoul Chaos Knight began the quest for the
                  | Orb.
     0 | D:1      | Reached XP level 1. HP: 19/19 MP: 0/0
    69 | D:1      | Reached XP level 2. HP: 22/26 MP: 1/1
   145 | D:1      | Reached skill level 4 in Unarmed Combat
   301 | D:1      | XOM: harmless Hex miscast
   362 | D:1      | XOM is BORED!
   362 | D:1      | XOM: noise
   660 | D:2      | XOM: harmless Summ miscast
   668 | D:2      | Reached XP level 3. HP: 26/33 MP: 2/2
   819 | D:2      | Found a faded altar of an unknown god.
   991 | D:2      | XOM: mild Chrm miscast
   996 | D:2      | Reached XP level 4. HP: 37/40 MP: 3/3
  1293 | D:2      | XOM: harmless Air miscast
  1500 | D:2      | Reached skill level 5 in Unarmed Combat
  1552 | D:2      | XOM is BORED!
  1552 | D:2      | XOM: summons 2 hostile demons
  1587 | D:2      | XOM: harmless Fire miscast
  1603 | D:2      | Found an ancient bone altar of Kikubaaqudgha.
  2055 | D:3      | XOM: god gift: shimmering naga barding {god gift}
  2060 | D:3      | Reached XP level 5. HP: 47/47 MP: 4/4
  2124 | D:3      | Noticed Natasha
  2139 | D:3      | Killed Natasha
  2251 | D:3      | Found a transporter.
  2386 | D:3      | Noticed an ogre
  2386 | D:3      | XOM: potion effect (agility)
  2395 | D:3      | Killed an ogre
  2395 | D:3      | Reached skill level 6 in Unarmed Combat
  2395 | D:3      | Reached XP level 6. HP: 32/54 MP: 2/5
  2480 | D:3      | Found a transporter.
  2490 | D:3      | Noticed Natasha
  2497 | D:3      | Killed Natasha
  2497 | D:3      | Reached skill level 5 in Fighting
  2547 | D:3      | Found a blossoming altar of Fedhas.
  2607 | D:3      | XOM: god gift: copper wand {god gift}
  2672 | D:3      | Found a runed translucent door.
  2673 | D:3      | Noticed Crazy Yiuf
  2846 | D:3      | Killed Crazy Yiuf
  2932 | D:3      | XOM: divination: detect items
  2974 | D:3      | Noticed Natasha
  2982 | D:3      | Killed Natasha
  3028 | D:3      | XOM: medium Erth miscast
  3028 | D:3      | HP: 23/55 [something (14)]
  3216 | D:3      | HP: 21/54 [orc priest/divine providence (9)]
  3430 | D:4      | XOM: enchant monster (bad)
  3435 | D:3      | HP: 24/52 [iguana (6)]
  3447 | D:3      | HP: 23/52 [giant cockroach (1)]
  3466 | D:3      | HP: 21/52 [worker ant (2)]
  3470 | D:3      | XOM: enchant monster (bad)
  3473 | D:3      | HP: 16/52 [worker ant (5)]
  3474 | D:3      | XOM: enchant monster (good)
  3691 | D:3      | XOM: god gift: pitted glaive {god gift}
  3694 | D:3      | Got a pitted glaive {god gift}
  3695 | D:3      | Identified the cursed +1 glaive of Huliwkaema {chaos,
                  | Str+4} (Xom gifted it to you on level 3 of the Dungeon)
  3747 | D:4      | Reached skill level 1 in Dodging
  3747 | D:4      | Reached skill level 7 in Unarmed Combat
  3793 | D:4      | Reached XP level 7. HP: 47/60 MP: 3/6
  3799 | D:4      | HP: 30/60 [gnoll/+0 spear (4)]
  3986 | D:4      | XOM: silly message
  4054 | D:4      | Noticed Eustachio
  4056 | D:4      | XOM: enchant monster (bad)
  4062 | D:4      | XOM: enchant monster (bad)
  4080 | D:4      | HP: 30/61 [quokka[Eustachio] (2)]
  4085 | D:4      | HP: 17/61 [quokka[Eustachio] (2)]
  4090 | D:4      | HP: 13/61 [quokka[Eustachio] (2)]
  4091 | D:4      | XOM: blink monster(s)
  4095 | D:4      | HP: 19/61 [bat[Eustachio] (1)]
  4100 | D:4      | HP: 11/61 [shadow imp[Eustachio] (3)]
  4101 | D:4      | Slain by an iron imp

Skill      XL: |  1  2  3  4  5  6 |
---------------+-------------------+-----
Unarmed Combat | 4 5 6 7 |  7.2
Fighting       | 4 5 |  5.5
Dodging        | 1 |  1.3
Armour         | |  1.7

Action                   |  1- 3 |  4- 6 |  7- 9 || total
-------------------------+-------+-------+-------++-------
Melee: Unarmed           |    84 |   189 |       ||   273
       Punch             |     1 |     6 |       ||     7
       Glaive            |       |    14 |    29 ||    43
  Use: Scroll            |       |    12 |     1 ||    13
  Eat: Chunk             |     8 |     7 |     2 ||    17
       Ration            |       |     1 |       ||     1
Armor: Leather armour    |    24 |    63 |    38 ||   125
Dodge: Dodged            |    47 |   145 |    67 ||   259

Levels and vault maps discovered:
D:1:      lightli_arrival_quake, layout_loops_ring
D:2:      layout_loops_ring, lemuel_coloured_pillars_altar,
          chequers_ecumenical_altar_island
D:3:      gammafunk_wand_slinger, layout_loops_ring, first_ration,
          fedhas_altar_2, uniq_crazy_yiuf_cottage, uniq_natasha
D:4:      layout_cave_pools, uniq_eustachio
